 Dungeon Crawl Stone Soup version 0.12.3 (webtiles) character file.

290 DEFE the Ruffian (level 5, 0/37 HPs)
             Began as a Sludge Elf Fighter on Dec 6, 2022.
             Slain by a green rat (3 damage)
             ... on Level 3 of the Dungeon.
             The game lasted 00:03:04 (2407 turns).

DEFE the Ruffian (Sludge Elf Fighter)               Turns: 2407, Time: 00:03:04

HP   0/37        AC  8     Str 17      XL: 5   Next: 14%
MP   6/6         EV  5     Int 10      God:
Gold 160         SH 18     Dex 13      Spells:  0 memorised,  4 levels left

Res.Fire  : . . .   See Invis. : .   a - +1,+0 elf falchion
Res.Cold  : . . .   Warding    : .   b - +0 elf scale mail
Life Prot.: . . .   Conserve   : .   c - +0 elf shield
Res.Poison: .       Res.Corr.  : .   (no helmet)
Res.Elec. : .       Clarity    : .   (no cloak)
Sust.Abil.: . .     Spirit.Shd : .   f - +0 pair of elf gloves
Res.Mut.  : .       Stasis     : .   (no boots)
Res.Rott. : .       Ctrl.Telep.: .   e - amulet of the gourmand
Gourmand  : +       Flight     : .   (no ring)
                                     (no ring)

@: slightly resistant to hostile enchantments, extremely unstealthy
A: no striking features
a: no special abilities


You were on level 3 of the Dungeon.
You were not hungry.

You visited 1 branch of the dungeon, and saw 3 of its levels.

You collected 140 gold pieces.

Inventory:

Hand weapons
 a - a +1,+0 elven falchion (weapon)
Armour
 b - a +0 elven scale mail (worn)
 c - a +0 elven shield (worn)
 f - a +0 pair of elven gloves (worn)
Magical devices
 y - a wand of heal wounds (3) {unknown}
Comestibles
 d - 3 bread rations
 g - an apple
 n - a pear
Scrolls
 l - a scroll of recharging {unknown}
 p - a scroll of amnesia {unknown}
 s - 4 scrolls of teleportation
 t - 3 scrolls of identify {unknown}
 v - a scroll of remove curse
 x - a scroll of curse weapon {unknown}
Jewellery
 e - an amulet of the gourmand (around neck)
 r - an uncursed amulet of stasis
 u - an uncursed ring of regeneration {unknown}
Potions
 h - 5 potions of curing {unknown}
 i - a potion of paralysis {unknown}
 j - a potion of resistance {unknown}
 k - 2 potions of speed {unknown}
 m - a potion of agility {unknown}
 o - 2 potions of brilliance {unknown}
 q - a potion of heal wounds {unknown}
 w - a potion of confusion {unknown}
 z - a potion of invisibility {unknown}
 A - a potion of flight {unknown}


   Skills:
 - Level 3.2 Fighting
 - Level 1.7 Long Blades
 - Level 2.9 Armour
 - Level 1.2 Dodging
 - Level 3.0 Shields
 + Level 3.5 Unarmed Combat


You had 4 spell levels left.
You didn't know any spells.

Dungeon Overview and Level Annotations

Branches:
Dungeon (3/27)

Altars:
Nemelex Xobeh

Portals:
Sewer: D:3


Message History

You hit the green rat.
The green rat is lightly wounded.
You block the green rat's attack. The green rat bites you.
* * * LOW HITPOINT WARNING * * *
You hit the green rat.
The green rat is moderately wounded.
You block the green rat's attack.
You hit the green rat but do no damage.
The green rat is moderately wounded.
The green rat bites you.
* * * LOW HITPOINT WARNING * * *
You hit the green rat but do no damage.
The green rat is moderately wounded.
The green rat bites you but does no damage.
The green rat bites you.
* * * LOW HITPOINT WARNING * * *
You hit the green rat but do no damage.
The green rat is moderately wounded.
The green rat bites you.
You die...

........# ........# ........#
........# ........# ........#
........# ##########
........############........#####
.............(..@r...#'####......
####################.#sws #####
#.#≈sS≈# #.#≈∩≈≈# #.#≈≈≈≈#
#.#≈≈≈≈# #.##### #.. . ###


You could see a green rat.

Vanquished Creatures
  4 adders
  A giant mite (D:3)
  2 worms
  5 giant geckos
  2 oozes
  6 orcs (D:3)
  4 bats
  8 goblins
  7 hobgoblins
  2 ball pythons
  7 giant cockroaches
  A giant newt (D:3)
  2 jackals (D:3)
  5 kobolds
  8 rats
64 creatures vanquished.

Notes
Turn   | Place    | Note
--------------------------------------------------------------
     0 | D:1      | DEFE, the Sludge Elf Fighter, began the quest for the Orb.
     0 | D:1      | Reached XP level 1. HP: 16/16 MP: 0/0
   368 | D:1      | Reached XP level 2. HP: 19/21 MP: 2/2
   738 | D:2      | Reached XP level 3. HP: 21/27 MP: 3/3
   823 | D:2      | Found a sparkling altar of Nemelex Xobeh.
  1024 | D:2      | Reached skill level 1 in Dodging
  1249 | D:2      | Reached skill level 1 in Unarmed Combat
  1575 | D:3      | Reached XP level 4. HP: 32/32 MP: 4/4
  2368 | D:3      | Found a glowing drain.
  2392 | D:3      | Reached XP level 5. HP: 10/37 MP: 6/6
  2407 | D:3      | Slain by a green rat

Action                   |  1- 3 |  4- 6 || total
-------------------------+-------+-------++-------
Melee: Falchion          |   129 |   127 ||   256
Evoke: Wand              |       |     1 ||     1
  Use: Scroll            |     3 |       ||     3
